 Dungeon Crawl Stone Soup version 0.31.0-12-g77e489cdc1 (webtiles) character file.

Game seed: 4476740279990897619

3576 Yuikono1 the Nimble (level 10, -2/64 HPs)
             Began as a Kobold Artificer on Feb 23, 2024.
             Was a Priest of Qazlal.
             Slain by 7tar4e's ghost (13 damage)
             ... on level 7 of the Dungeon.
             The game lasted 00:32:31 (9595 turns).

Yuikono1 the Nimble (Kobold Artificer)              Turns: 9595, Time: 00:32:31

Health: -2/64      AC:  9    Str: 11    XL:     10   Next: 31%
Magic:  10/14      EV: 19    Int: 13    God:    Qazlal [***...]
Gold:   339        SH:  4    Dex: 18    Spells: 9/9 levels left

rFire   + . .        v - +4 quarterstaff (chaos)
rCold   + . .        (shield currently unavailable)
rNeg    + + .        f - +0 swamp dragon scales
rPois   +            T - +0 helmet
rElec   +            x - +0 cloak
rCorr   +            (no gloves)
SInv    .            (no boots)
Will    +++..        E - amulet of the Four Winds {rN+ Will+++ Clar}
Stlth   ++           w - ring of wizardry
HPRegen 0.30/turn    H - ring of positive energy
MPRegen 0.14/turn

%: clarity, wizardry (x1)
@: about to teleport, resistant
A: small, no large weapons, nightstalker 3
a: Renounce Religion, Upheaval, Elemental Force


You were on level 7 of the Dungeon.
You worshipped Qazlal.
Qazlal was most pleased with you.
You visited 2 branches of the dungeon, and saw 8 of its levels.
You also visited: Sewer.

You collected 339 gold pieces.

Inventory:

Hand Weapons
 a - a +0 club
 j - a +0 quarterstaff
 p - a +1 flail of protection
 s - a +0 dagger
 v - a +4 quarterstaff of chaos (weapon)
Missiles
 k - 75 stones
 n - 6 boomerangs
 o - 3 throwing nets
 y - 18 poisoned darts
Armour
 b - a +0 leather armour
 f - +0 swamp dragon scales (worn)
 x - a +0 cloak (worn)
 T - a +0 helmet (worn)
Jewellery
 r - an amulet of magic regeneration
 w - a ring of wizardry (left hand)
 E - the amulet of the Four Winds (around neck) {rN+ Will+++ Clar}
   (You found it on level 4 of the Dungeon)

   [amulet of nothing]

   rN+:       It protects you from negative energy.
   Will+++:   It greatly increases your willpower.
   Clar:      It protects you from confusion, rage, mesmerisation and fear.
 H - a ring of positive energy (right hand)
 P - an amulet of the acrobat
Wands
 c - a wand of flame (6) (quivered)
 d - a wand of charming (9)
 e - a wand of iceblast (13)
 Q - a wand of polymorph (4)
Scrolls
 h - a scroll of enchant weapon {unknown}
 i - a scroll of noise {unknown}
 l - 5 scrolls of teleportation
 m - 2 scrolls of immolation {unknown}
 q - a scroll of vulnerability {unknown}
 B - a scroll of fog {unknown}
 F - a scroll of blinking {unknown}
 I - 2 scrolls of enchant armour {unknown}
 J - 2 scrolls of summoning {unknown}
 R - a scroll of silence {unknown}
 S - 2 scrolls of identify
Potions
 g - 3 potions of attraction {unknown}
 t - 7 potions of curing
 u - 3 potions of berserk rage {unknown}
 z - 3 potions of brilliance
 A - a potion of invisibility
 C - 3 potions of lignification {unknown}
 D - a potion of magic
 G - a potion of degeneration
 K - 3 potions of might {unknown}
 L - a potion of haste
 N - a potion of cancellation {unknown}
 O - a potion of mutation {unknown}


   Skills:
 + Level 8.1 Fighting
 - Level 0.3 Maces & Flails
 - Level 1.2 Throwing
 - Level 0.7 Armour
 + Level 11.0 Dodging
 - Level 3.2 Stealth
 - Level 0.7 Shields
 * Level 5.4 Invocations
 + Level 7.3 Evocations


You had 9 spell levels left.
You didn't know any spells.
Your spell library contained the following spells:

 Spells                   Type           Power      Damage    Failure   Level
 Blink                    Tloc           0%         N/A       41%         2
 Lesser Beckoning         Tloc           0%         N/A       41%         2
 Mercury Vapours          Alch/Air       0%         N/A       41%         2
 Momentum Strike          Conj/Tloc      0%         3d8       41%         2
 Inner Flame              Hex/Fire       0%         N/A       63%         3
 Mephitic Cloud           Conj/Alch/Air  0%         N/A       63%         3
 Ignite Poison            Fire/Alch      0%         N/A       95%         4
 Sticky Flame             Fire/Alch      0%         2d4       95%         4
 Freezing Cloud           Conj/Ice/Air   0%         6-21      100%        5
 Irradiate                Conj/Alch      0%         3d11      100%        5
 Ignition                 Fire           0%         3d3       100%        8


Dungeon Overview and Level Annotations

Branches:
Dungeon (7/15)             Temple (1/1) D:5           Sewer (visited)

Altars:
Ashenzari
Cheibriados
Dithmenos
Elyvilon
Fedhas
Gozag
Hepliaklqana
Kikubaaqudgha
Makhleb
Nemelex Xobeh
Okawaru
Qazlal
Ru
Sif Muna
Trog
Uskayaw
Vehumet
Wu Jian
Yredelemnul
The Shining One

Shops:
D:2 (   D:7 =

Annotations:
D:7 7tar4e's ghost, novice GrFi


Innate Abilities, Weirdness & Mutations

You are small and have problems with some larger weapons.
You are completely attuned to the shadows.


Message History

You completely miss the white imp.
The white imp is almost dead. 7tar4e's ghost hits you but does no damage.
The white imp hits you but does no damage.
Your ice beast hits 7tar4e's ghost but does no damage. 7tar4e's ghost completely misses you.
The white imp barely misses you.
Unknown command.
You thump the white imp!
You kill the white imp!
Qazlal accepts your kill. 7tar4e's ghost hits you!
* * * LOW HITPOINT WARNING * * *
Your ice beast barely misses 7tar4e's ghost. 7tar4e's ghost barely misses you.
Your ice beast hits 7tar4e's ghost but does no damage.
As you read the scroll of teleportation, it crumbles to dust.
You feel strangely unstable. 7tar4e's ghost is engulfed in blazing flames. 7tar4e's ghost hits you but does no damage.
Your ice beast hits 7tar4e's ghost.
Your ice beast freezes 7tar4e's ghost. 7tar4e's ghost resists.
Unknown command.
You hit 7tar4e's ghost but do no damage. 7tar4e's ghost suddenly stops moving! 7tar4e's ghost is moderately damaged. 7tar4e's ghost is no longer paralysed. 7tar4e's ghost is engulfed in blazing flames. 7tar4e's ghost hits you.
* * * LOW HITPOINT WARNING * * *
7tar4e's ghost misses you.
Your ice beast hits 7tar4e's ghost but does no damage.
You hit 7tar4e's ghost but do no damage. 7tar4e's ghost is heavily damaged. 7tar4e's ghost is engulfed in blazing flames. 7tar4e's ghost misses you.
Your ice beast hits 7tar4e's ghost.
Your ice beast freezes 7tar4e's ghost. 7tar4e's ghost resists. 7tar4e's ghost is engulfed in blazing flames. 7tar4e's ghost lets out a mournful wail. 7tar4e's ghost hits you!
You die...

.PP..≈._...###.#...#..# #..
.PP..≈...........#)#..# #..
.PP..≈≈§≈.[......#.# .. ..#
..P....§.........#.## . ..#
.P.....§............#?.........##
.P.P............)...##.........#.
...........#'###))...##.......##.
...........#.# #)°....###'''###..
...........#.# #@W...............
.....####..#.###.Y)...###........
.....# ##.....'.................
.....# #.#..##......###........
.....# #.##..#......##.........
.....# #.###..########...Z.....
.....# #.# ##.# #.##.#####
.....#####.## #.## ##.##.#
#######.....# #..## ###.....#


You could see 7tar4e's ghost (fast, ally target) and a friendly ice beast
(charmed).

Vanquished Creatures
  Pikel (D:7)
  Maggie (D:6)
  A steam dragon (D:7)
  A water moccasin (D:5)
  A hornet zombie (D:7)
  2 ice beasts (D:7)
  A sky beast (D:7)
  3 orc warriors
  5 ogres
  A centaur (D:6)
  A phantom (D:5)
  A lemure (D:7)
  A kobold brigand (D:6)
  2 bullfrogs (Sewer)
  A wyvern zombie (D:7)
  2 scorpions
  3 centaur zombies (D:7)
  3 orc priests
  2 bombardier beetles
  6 hounds
  A jelly (D:4)
  2 sleepcaps
  Crazy Yiuf (D:2)
  5 orc wizards
  An iguana (D:6)
  A killer bee zombie (D:7)
  A howler monkey zombie (D:7)
  14 adders
  2 gnolls (D:2)
  4 river rats (Sewer)
  5 white imps
  2 ufetubi (D:7)
  A dart slug (D:5)
  18 orcs
  2 bat zombies (D:4)
  7 endoplasms
  6 giant cockroaches
  7 goblins
  5 hobgoblins
  4 jackals (D:3)
  10 kobolds
  5 quokkas
  12 ball pythons
  4 bats
  4 frilled lizards
  2 frilled lizard zombies (D:4)
  24 rats
  A rat zombie (Sewer)
190 creatures vanquished.

Vanquished Creatures (collateral kills)
  A gnoll (D:2)
1 creature vanquished.

Vanquished Creatures (others)
  Terence (D:2)
1 creature vanquished.

Grand Total: 192 creatures vanquished

Notes
Turn   | Place    | Note
-------+----------+-------------------------------------------
     0 | D:1      | Yuikono1 the Kobold Artificer began the quest for the Orb.
     0 | D:1      | Reached XP level 1. HP: 12/12 MP: 1/1
   851 | D:2      | Reached XP level 2. HP: 8/16 MP: 2/2
   917 | D:2      | Reached skill level 1 in Throwing
   993 | D:2      | Reached skill level 3 in Dodging
   993 | D:2      | Reached XP level 3. HP: 2/20 MP: 3/3
   993 | D:2      | HP: 1/20 [poisoned by an adder]
  1378 | D:2      | Noticed Terence
  1390 | D:2      | Reached XP level 4. HP: 6/25 MP: 4/4
  1392 | D:2      | Your ally Terence died
  1697 | D:2      | Reached skill level 4 in Dodging
  1831 | D:2      | Reached XP level 5. HP: 30/30 MP: 5/5
  2068 | D:2      | Found a runed translucent door.
  2071 | D:2      | Noticed Crazy Yiuf
  2073 | D:2      | Killed Crazy Yiuf
  2181 | D:2      | Found Wouca's Weapon Emporium.
  2686 | D:3      | Found a sparkling altar of Nemelex Xobeh.
  2695 | D:3      | Reached skill level 5 in Evocations
  2744 | D:3      | Found a sacrificial altar of Ru.
  3159 | D:3      | Found a faded altar of an unknown god.
  3164 | D:3      | Prayed at the altar of an unknown god.
  3164 | D:3      | Became a worshipper of Qazlal Stormbringer
  3164 | D:3      | Reached * piety under Qazlal
  3433 | D:4      | Reached XP level 6. HP: 36/36 MP: 6/6
  3475 | D:4      | Reached skill level 5 in Dodging
  3835 | D:4      | Found an ancient bone altar of Kikubaaqudgha.
  3996 | D:4      | Found the amulet of the Four Winds {rN+ Will+++ Clar}
  4066 | D:4      | Found a white marble altar of Elyvilon.
  4430 | D:5      | Entered Level 5 of the Dungeon
  4460 | D:5      | Reached XP level 7. HP: 29/41 MP: 7/7
  4557 | D:5      | Noticed a +0 dagger
  4558 | D:5      | Noticed a +0 dagger
  4728 | D:5      | Reached skill level 6 in Dodging
  4811 | D:5      | Found a staircase to the Ecumenical Temple.
  4817 | Temple   | Entered the Ecumenical Temple
  4853 | D:5      | Found an ornate altar of the Wu Jian Council.
  4931 | D:5      | Reached XP level 8. HP: 47/48 MP: 8/8
  5171 | D:5      | Found a hide-covered altar of Uskayaw.
  5302 | D:5      | Reached skill level 5 in Fighting
  5302 | D:5      | Reached skill level 7 in Dodging
  5569 | D:6      | Reached ** piety under Qazlal
  5604 | D:6      | Noticed Maggie
  5606 | D:6      | Reached skill level 1 in Invocations
  5620 | D:6      | Killed Maggie
  5621 | D:6      | Reached skill level 8 in Dodging
  5880 | D:6      | Reached XP level 9. HP: 38/54 MP: 11/11
  6034 | D:6      | Found a glowing drain.
  6043 | Sewer    | Entered a sewer
  6327 | Sewer    | Reached *** piety under Qazlal
  6338 | Sewer    | Reached skill level 9 in Dodging
  7821 | D:7      | Found a runed translucent gate.
  7821 | D:7      | Found a runed translucent gate.
  7821 | D:7      | Found a runed translucent gate.
  7978 | D:7      | Found a hazy altar of Hepliaklqana.
  8073 | D:7      | Reached skill level 10 in Dodging
  8564 | D:7      | Noticed Pikel
  8579 | D:7      | Killed Pikel
  8580 | D:7      | Reached XP level 10. HP: 34/63 MP: 13/13
  8712 | D:7      | Reached skill level 5 in Invocations
  8748 | D:7      | Reached **** piety under Qazlal
  9021 | D:7      | Found a basalt altar of Yredelemnul.
  9215 | D:7      | Noticed 7tar4e's ghost (novice GrFi)
  9272 | D:7      | Found Lipp's Jewellery Emporium.
  9487 | D:7      | Found a snail-covered altar of Cheibriados.
  9578 | D:7      | Reached skill level 11 in Dodging
  9595 | D:7      | Slain by 7tar4e's ghost

Illustrated notes

Levels and vault maps discovered:
D:1:      psy_arrival_fountain, layout_loops_ring
D:2:      layout_loops_corners, serial_shops, nicolae_lakefront_shop,
          uniq_crazy_yiuf_cottage, uniq_terence
D:3:      layout_basic, mainiacjoe_overflow_alcove_2, mainiacjoe_overflow_paths,
          chequers_ecumenical_altar_island
D:4:      layout_cave_pods, elyvilon_altar_1, lemuel_zombie_altar_kikubaaqudgha,
          dreamdust_mushroom_princess
D:5:      layout_loops_cross, mainiacjoe_overflow_alcove_1,
          dancing_weapons_uskayaw, temple_green
D:6:      layout_basic, portal_sewer_entry_f, lexackson_kobold_supper,
          uniq_maggie
D:7:      layout_basic, mainiacjoe_overflow_brackets,
          nicolae_yredelemnul_corpse_copse, mainiacjoe_overflow_chevrons,
          gammafunk_ghost_icy, serial_shops, nicolae_square_shop, uniq_pikel
Temple:   minmay_temple_curvy_loop

Skill      XL: |  1  2  3  4  5  6  7  8  9 10 |
---------------+-------------------------------+-----
Evocations     | 4 5 6 7 |  7.3
Throwing       | 1 |  1.2
Dodging        | 3 4 5 6 8 10 11 | 11.0
Fighting       | 2 3 4 5 7 8 |  8.1
Stealth        | 2 3 |  3.2
Invocations    | 3 4 5 |  5.4
Maces & Flails | |  0.3
Armour         | |  0.7
Shields        | |  0.7

Action                     |  1- 3 |  4- 6 |  7- 9 | 10-12 || total
---------------------------+-------+-------+-------+-------++-------
  Melee: Club              |    67 |       |       |       ||    67
         Punch             |     1 |       |       |       ||     1
         Quarterstaff      |     8 |    79 |   318 |    71 ||   476
         Flail             |       |    21 |       |       ||    21
  Throw: Boomerang         |     1 |     2 |     1 |       ||     4
 Invoke: Upheaval          |       |       |     2 |     2 ||     4
  Evoke: Wand              |     9 |     7 |     8 |     2 ||    26
    Use: Potion            |     2 |       |     2 |     1 ||     5
         Scroll            |       |       |     9 |     1 ||    10
   Stab: Sleeping          |     8 |    10 |       |       ||    18
 Armour: Leather armour    |    53 |    39 |    27 |       ||   119
         Swamp dragon scal |       |       |   141 |    49 ||   190
  Dodge: Dodged            |    78 |    84 |   357 |    82 ||   601
  Block: Other             |       |     1 |    65 |    20 ||    86
